 Dungeon Crawl Stone Soup version 0.31-a0-1110-gab2881137f (webtiles) character file.

Game seed: 6193409041690327097

2264134 Wyvric the Executioner (level 27, 214/214 (228) HPs)
             Began as a Formicid Earth Elementalist on Dec 2, 2023.
             Was the Champion of the Shining One.
             Escaped with the Orb
             ... and 4 runes on Dec 3, 2023!
             The game lasted 05:38:06 (72597 turns).

Wyvric the Executioner (FoEE)                      Turns: 72597, Time: 05:38:07

HP:   214/214 (228) AC: 32    Str: 22    XL:     27
MP:   42/42         EV: 12    Int: 34    God:    the Shining One [******]
Gold: 5212          SH: 19    Dex: 20    Spells: 31/66 levels left

rFire   + . .        a - +9 executioner's axe of Gook {freeze, rCorr Int+5}
rCold   + . .        p - +5 kite shield {reflect}
rNeg    + + +        V - +3 chain mail "Hiuwkimp" {rElec rC- Regen+ Slay+3}
rPois   .            (helmet unavailable)
rElec   +            q - scarf {rC+ rF+}
rCorr   +            Y - +2 pair of gloves {Dex+3}
SInv    +            R - +3 pair of mountain boots {steadfast, rC+}
Will    ++...        H - amulet of Vitality {RegenMP++ Regen++}
Stlth   +            A - ring of the Tortoise {AC+8}
HPRegen 2.95/turn    Z - ring "Riocwin" {rCorr Str+6 Int+3 Dex+3}
MPRegen 1.08/turn

%: reflection
@: glowing, studying Dodging, drained
A: permanent stasis, dig shafts and tunnels, antennae 3, four strong arms,
camouflage 1, deterioration 1, low MP 1, mutation resistance 2, inability to
drink after injury 1
0: Orb of Zot
}: 4/15 runes: barnacled, slimy, silver, gossamer
a: Dig, Shaft Self, Renounce Religion, Divine Shield, Cleansing Flame, Summon
Divine Warrior, Brand Weapon With Holy Wrath


You escaped.
You worshipped the Shining One.
The Shining One was exalted by your worship.
You visited 11 branches of the dungeon, and saw 53 of its levels.
You also visited: Bailey.

You collected 9428 gold pieces.
You spent 4216 gold pieces at shops.

Inventory:

Hand Weapons
 a - the +9 executioner's axe of Gook (weapon) {freeze, rCorr Int+5}
   (You acquired it on level 5 of the Vaults)

   Int+5:     It affects your intelligence (+5).
   rCorr:     It protects you from acid and corrosion.
Missiles
 w - 8 throwing nets
 y - 19 javelins
 M - 48 boomerangs
 S - 6 curare-tipped darts
 X - 12 silver javelins
Armour
 b - the +2 pair of gloves "Ganuzivi" {rN+ Str-4 Int+2}
   (You found it on level 2 of the Spider Nest)

   Str-4:     It affects your strength (-4).
   Int+2:     It affects your intelligence (+2).
   rN+:       It protects you from negative energy.
 i - the +2 cloak of Salvation {Str+6 Slay+3}
   (You bought it in a shop on level 2 of the Elven Halls)

   Str+6:     It affects your strength (+6).
   Slay+3:    It affects your accuracy & damage with ranged weapons and melee
   (+3).
 p - a +5 kite shield of reflection (worn)
 q - a scarf of resistance (worn)
 R - the +3 pair of mountain boots (worn) {steadfast, rC+}
   (You acquired it on level 2 of the Vaults)

   Steadfast: It prevents involuntary movement, except for blinking,
   teleportation, or banishment.
   rC+:       It protects you from cold.
 V - the +3 chain mail "Hiuwkimp" (worn) {rElec rC- Regen+ Slay+3}
   (You bought it in a shop on level 2 of the Elven Halls)

   Slay+3:    It affects your accuracy & damage with ranged weapons and melee
   (+3).
   rC-:       It makes you vulnerable to cold.
   rElec:     It insulates you from electricity.
   Regen+:    It increases your rate of health regeneration.
 Y - a +2 pair of gloves of dexterity (worn)
Jewellery
 c - a ring of willpower
 r - the ring of Nibroti {Fire Will+}
   (You took it off an ogre mage on level 15 of the Dungeon)

   [ring of fire]

   Fire:      It enhances your fire magic.
   rF+:       It protects you from fire.
   rC-:       It makes you vulnerable to cold.
   Will+:     It increases your willpower.
 A - the ring of the Tortoise (left hand) {AC+8}
   (You acquired it on level 1 of the Spider Nest)

   [ring of protection]

   AC+8:      It affects your AC (+8).
 H - the amulet of Vitality (around neck) {RegenMP++ Regen++}
   (You found it on level 3 of the Lair of Beasts)

   [amulet of magic regeneration]

   RegenMP:   It increases your rate of magic regeneration.
   Regen++:   It increases your rate of health regeneration.
 K - the ring of Ducwoach {Ice rPois rN++ Str-5}
   (You took it off Josephina on level 2 of the Depths)

   [ring of ice]

   Ice:       It enhances your ice magic.
   Str-5:     It affects your strength (-5).
   rF-:       It makes you vulnerable to fire.
   rC+:       It protects you from cold.
   rPois:     It protects you from poison rN++: It greatly protects you from
   negative energy.
 Z - the ring "Riocwin" (right hand) {rCorr Str+6 Int+3 Dex+3}
   (You found it on level 3 of the Elven Halls)

   [ring of strength]

   Str+6:     It affects your strength (+6).
   Int+3:     It affects your intelligence (+3).
   Dex+3:     It affects your dexterity (+3).
   rCorr:     It protects you from acid and corrosion.
Wands
 o - a wand of polymorph (48)
 D - a wand of digging (3)
 E - a wand of paralysis (46)
 N - a wand of roots (21)
 O - a wand of mindburst (13)
 T - a wand of flame (26)
 W - a wand of light (9)
Scrolls
 g - 6 scrolls of fear
 t - 4 scrolls of silence
 v - 5 scrolls of summoning
 z - 10 scrolls of fog
 F - 9 scrolls of vulnerability
 L - 9 scrolls of immolation
 P - 6 scrolls of poison
 U - 4 scrolls of revelation
Potions
 d - 5 potions of might
 e - 2 potions of cancellation
 h - 14 potions of brilliance
 j - 4 potions of invisibility
 k - 25 potions of curing
 l - 12 potions of heal wounds
 n - 2 potions of resistance
 s - 11 potions of attraction
 x - 9 potions of ambrosia
 B - 6 potions of lignification
 C - 8 potions of enlightenment
 G - 3 potions of magic
 J - 4 potions of mutation
Miscellaneous
 f - a box of beasts (inert)
 m - a lightning rod (4/4)
 u - a phial of floods
 I - a phantom mirror (inert)
 Q - a tin of tremorstones (2/2)


   Skills:
 - Level 21.0 Fighting
 - Level 23.0(24.0) Axes
 - Level 12.0(18.9) Polearms
 - Level 15.0 Armour
 - Level 6.0 Dodging
 - Level 3.0 Stealth
 - Level 15.0 Shields
 - Level 20.0 Spellcasting
 - Level 18.0 Conjurations
 - Level 3.0 Translocations
 - Level 3.0 Transmutations
 * Level 21.9 Earth Magic
 - Level 16.0 Invocations
 - Level 9.0 Evocations


You had 31 spell levels left.
You knew the following spells:

 Your Spells              Type           Power      Damage    Failure   Level
a - Orb of Destruction    Conj           51%        9d13      3%          7
b - Lehudib's Crystal Sp  Conj/Erth      53%        10d12     11%         8
c - Lee's Rapid Deconstr  Erth           55%        3d26*     1%          5
d - Lesser Beckoning      Tloc           100%       N/A       2%          2
l - Animate Armour        Summ/Erth      100%       N/A       1%          4
p - Passwall              Tmut/Erth      72%        N/A       1%          2
u - Wereblood             Tmut           53%        N/A       2%          2
P - Passage of Golubria   Tloc           53%        N/A       16%         4
Y - Apportation           Tloc           100%       N/A       1%          1

Your spell library contained the following spells:

 Spells                   Type           Power      Damage    Failure   Level
 Sandblast                Erth           100%       2d20      0%          1
 Searing Ray              Conj           100%       2d8       0%          2
 Stone Arrow              Conj/Erth      100%       3d13      0%          3
 Brom's Barrelling Bould  Conj/Erth      100%       2d11      0%          4
 Foxfire                  Conj/Fire      100%       2x1d9     1%          1
 Momentum Strike          Conj/Tloc      100%       3d10      1%          2
 Static Discharge         Conj/Air       100%       3-8/arc   1%          2
 Hailstorm                Conj/Ice       76%        3d16      1%          3
 Mephitic Cloud           Conj/Pois/Air  65%        N/A       1%          3
 Petrify                  Tmut/Erth      87%        N/A       1%          4
 Borgnjor's Vile Clutch   Necr/Erth      41%        N/A       1%          5
 Arcjolt                  Conj/Air       38%        1d48      3%          5
 Gell's Gravitas          Tloc           53%        N/A       4%          3
 Teleport Other           Tloc           53%        N/A       4%          3
 Freeze                   Ice            100%       1d10      5%          1
 Slow                     Hex            100%       N/A       5%          1
 Summon Small Mammal      Summ           100%       N/A       5%          1
 Ensorcelled Hibernation  Hex/Ice        68%        N/A       9%          2
 Jinxbite                 Hex            68%        N/A       9%          2
 Poisonous Vapours        Pois/Air       68%        N/A       9%          2
 Volatile Blastmotes      Fire/Tloc      88%        2d17      9%          3
 Ignite Poison            Fire/Tmut/Pois 40%        N/A       11%         3
 Freezing Cloud           Conj/Ice/Air   32%        6-21      13%         5
 Call Canine Familiar     Summ           34%        N/A       17%         3
 Confusing Touch          Hex            34%        N/A       17%         3
 Frozen Ramparts          Ice            68%        1d11      17%         3
 Inner Flame              Hex/Fire       34%        N/A       17%         3
 Ozocubu's Armour         Ice            34%        N/A       17%         3
 Sigil of Binding         Hex            34%        N/A       17%         3
 Summon Guardian Golem    Hex/Summ       34%        N/A       17%         3
 Vampiric Draining        Necr           34%        2d8       17%         3
 Starburst                Conj/Fire      38%        6d11      22%         6
 Airstrike                Air            17%        2d(3-19)  50%         4
 Anguish                  Hex/Necr       17%        N/A       50%         4
 Cause Fear               Hex            17%        N/A       50%         4
 Summon Ice Beast         Ice/Summ       34%        N/A       50%         4
 Summon Lightning Spire   Summ/Air       34%        N/A       50%         4
 Alistair's Intoxication  Tmut/Pois      29%        N/A       63%         5
 Summon Forest            Summ/Tloc      22%        N/A       63%         5
 Yara's Violent Unravell  Hex/Tmut       22%        3d10      63%         5
 Silence                  Hex/Air        17%        N/A       83%         5
 Summon Mana Viper        Hex/Summ       34%        N/A       83%         5
 Dispersal                Tloc           26%        N/A       94%         6
 Eringya's Noxious Bog    Tmut/Pois      22%        4d6       99%         6
 Plasma Beam              Fire/Air       17%        2x1d28    100%        6
 Simulacrum               Ice/Necr       17%        N/A       100%        6
 Summon Cactus Giant      Summ           17%        N/A       100%        6
 Enfeeble                 Hex            17%        N/A       100%        7
 Ozocubu's Refrigeration  Ice            17%        4d11      100%        7
 Blink                    Tloc           Unusable   N/A       N/A         2
 Vhi's Electric Charge    Tloc/Air       Unusable   N/A       N/A         4

Dungeon Overview and Level Annotations

Branches:
Dungeon (15/15)            Temple (1/1) D:7            Lair (5/5) D:10
 Shoals (4/4) Lair:3       Spider (4/4) Lair:2        Slime (5/5) Lair:4
    Orc (2/2) D:11            Elf (3/3) Orc:2        Vaults (5/5) D:13
  Crypt (0/3) Vaults:2     Depths (4/4) D:15            Zot (5/5) Depths:4
 Bailey (visited)

Altars:
Ashenzari
Cheibriados
Dithmenos
Elyvilon
Fedhas
Gozag
Hepliaklqana
Kikubaaqudgha
Makhleb
Nemelex Xobeh
Okawaru
Qazlal
Ru
Sif Muna
Trog
Uskayaw
Vehumet
Wu Jian
Xom
Yredelemnul
Zin
The Shining One
Jiyva
Lugonu

Shops:
D:1 !   D:4 ?   D:6 [   Orc:1 :*   Orc:2 *([:[   Elf:2 **[   Elf:3 [
Shoals:2 !   Vaults:1 :(![   Depths:2 (

Portals:
Hell: Depths:1 Depths:2 Depths:3 Depths:4
Abyss: Shoals:2 Depths:3 Depths:4
Pandemonium: Depths:2
Ziggurat: Depths:1

Annotations:
Zot:1 3 runed translucent doors, Sisiakhle's ghost, legendary KoDe
Zot:3 1 runed translucent door, Raoceuw's ghost, master NaVM


Innate Abilities, Weirdness & Mutations

You cannot be hasted, slowed, berserked, paralysed or teleported.
You can dig through walls and to a lower floor.
You have a pair of large antennae on your head. (SInv)
Your four strong arms can wield two-handed weapons with a shield.
Your skin changes colour to match your surroundings (Stealth+).
Your body sometimes deteriorates upon taking damage.
Your magical capacity is low. (-10% MP)
You are somewhat resistant to both further mutation and mutation removal.
You occasionally lose the ability to drink potions when taking damage.


Message History

Casting: Lehudib's Crystal Spear (dangerous; 11% risk of failure)
Confirm with . or Enter, or press ? or * to list all spells.
Aiming: Lehudib's Crystal Spear (dangerous; 11% risk of failure)
Press: ? - help, Shift-Dir - straight line, f - blizzard demon
Aim: a blizzard demon (haloed, 87% to hit)
The crystal spear hits the blizzard demon!!!!
You kill the blizzard demon!
The Shining One accepts your kill.
You feel your power returning.
There is a stone staircase leading up here.
Magic restored.
You climb upwards.
There is a stone staircase leading down here.
There is a stone staircase leading up here.
Things that are here:
a scroll of blinking; a scroll of teleportation You climb upwards.
There is a stone staircase leading down here.
Things that are here:
a +0 halberd; a +0 whip
There is a stone staircase leading up here.
You climb upwards.
There is a stone staircase leading down here.
There is a stone staircase leading up here.
You climb upwards.
There is a stone staircase leading down here.
There is an open door here.
There is an open door here.
Casting: Lehudib's Crystal Spear (dangerous; 11% risk of failure)
Confirm with . or Enter, or press ? or * to list all spells.
Aiming: Passwall (safe; 1% risk of failure)
Press: ? - help, Dir - move target A rock wall.
This square is lit by a halo and is covered in magical glow.
You begin to meditate on the wall.
You continue meditating on the rock.
Magic restored.
You continue meditating on the rock.
You finish merging with the rock.
There is a staircase leading out of the dungeon here.
You have escaped!

#.#.....................#
#.#.....................#
#.#.....................#
#.#.....................#
#.#...P..P.........[....#
#....≈≈≈≈≈≈.P..P........#
##.........≈≈≈≈≈≈.P..P..#
##..............≈≈≈≈≈≈..
#.....@................
#§§.§..........≈≈≈≈≈≈..
#........≈≈≈≈≈§.P..P...
#.§§≈≈≈§≈.P..P.........
#...P..P...............
##......................
#.......................
#.......................
#......................#


There were no monsters in sight!

Vanquished Creatures
  the Royal Jelly (Slime:5)
  2 dread liches
  6 orbs of fire (Zot:5)
  Mara (Depths:1)
  4 ancient liches
  Mennas (Vaults:2)
  Josephina (Depths:2)
  Bai Suzhen (Elf:3)
  3 Killer Klowns (Zot:5)
  5 curse toes
  Saint Roka (Vaults:1)
  7 golden dragons
  Norris (Vaults:3)
  2 electric golems (Zot:5)
  A Brimstone Fiend (Zot:2)
  14 tentacled monstrosities
  A walking earthen tome (Depths:1)
  Asterion (Depths:1)
  23 Orb Guardians
  2 liches
  2 deep elf blademasters (Elf:3)
  2 deep elf master archers (Elf:3)
  Frances (Shoals:1)
  3 titans (Vaults:5)
  11 sphinxes
  17 acid blobs
  6 death cobs
  6 quicksilver dragons
  A kraken (Shoals:3)
  9 shadow dragons
  Gastronok (Lair:1)
  Polyphemus (Shoals:2)
  6 draconian monks
  5 tengu reavers
  Aizul (Elf:3)
  Kirke (Spider:2)
  12 storm dragons
  13 rockslimes
  16 azure jellies
  5 draconian knights
  14 vault wardens
  10 frost giants
  6 deep elf sorcerers
  12 fire giants
  2 draconian shifters
  A draconian scorcher (Zot:1)
  5 deep elf elementalists (Elf:3)
  7 draconian stormcallers
  2 orc warlords
  9 ghost moths
  15 ironbound preservers
  8 quicksilver oozes
  2 draconian annihilators
  3 war gargoyles
  3 broodmothers
  3 formless jellyfish
  6 ironbound thunderhulks
  13 very ugly things
  4 deep elf demonologists
  3 vampire knights
  14 stone giants
  12 black draconians
  6 green draconians
  10 yellow draconians
  3 dire elephants (Vaults:2)
  5 deep elf annihilators
  7 red draconians
  10 white draconians
  The ghost of Sacsyrch the Brawler, a journeyman DrMo of Yredelemnul (D:15)
  10 purple draconians
  4 spark wasps
  Snorg (Lair:4)
  15 ettins
  2 minotaurs (D:13)
  5 deep elf death magi
  3 merfolk javelineers
  2 blizzard demons
  An eidolon (Vaults:2)
  9 merfolk impalers
  An iron golem (Depths:1)
  3 jiangshi (Depths:1)
  6 mummy priests (Depths:3)
  8 fire dragons
  4 deep elf high priests
  62 slime creatures
  19 yaktaur captains
  5 ice dragons
  Fannar (Orc:1)
  11 great orbs of eyes
  31 vault guards
  3 entropy weavers (Spider:1)
  Erolcha (D:12)
  10 ironbound frosthearts
  2 ogre magi
  A peacekeeper (Vaults:1)
  6 spriggan air magi
  2 jorogumos (Spider:3)
  7 hydras
  A rakshasa (Depths:1)
  3 death knights
  4 merfolk aquamancers
  4 catoblepae
  3 alligator snapping turtles
  3 merfolk avatars
  9 two-headed ogres
  5 deep troll shamans
  3 alligators (Shoals:4)
  7 centaur warriors
  10 boulder beetles
  17 death yaks
  A satyr (Shoals:2)
  7 demonic crawlers
  24 dancing weapons
  9 deep troll earth magi
  5 tengu warriors
  2 spriggan berserkers
  2 vampire magi
  An orc high priest (Orc:2)
  Urug (Lair:1)
  A thrashing horror (Shoals:2)
  A sun demon (Depths:4)
  Nergalle (Lair:3)
  19 deep elf knights
  A shadow wraith (Vaults:5)
  7 hell knights
  Amaemon (Lair:1)
  6 skeletal warriors
  5 pharaoh ants
  5 skysharks
  2 salamander mystics (Depths:4)
  A fire crab (Lair:5)
  51 deep trolls
  3 orb spiders
  10 iron trolls
  7 sea snakes
  6 glowing orange brains
  13 deep elf archers
  3 lindwurms
  A tengu zombie (Vaults:4)
  2 shadow demons
  A flayed ghost (Depths:4)
  5 steelbarb worms
  4 arcanists
  35 deep elf pyromancers
  A lindwurm (shapeshifter) (Depths:2)
  24 harpies
  4 necromancers
  2 phantasmal warriors (Depths:4)
  A sphinx simulacrum (Depths:2)
  35 deep elf zephyrmancers
  12 wolf spiders
  Pikel (D:5)
  6 orc knights
  21 ironbound convokers
  A moth of wrath (shapeshifter) (Depths:3)
  3 orc sorcerers (Orc:2)
  A frost giant zombie (Depths:1)
  14 fauns
  43 ugly things
  10 cyclopes
  7 shining eyes
  16 manticores
  4 salamanders (Depths:4)
  A frost giant skeleton (Depths:1)
  17 moths of wrath
  An elephant (shapeshifter) (Vaults:5)
  A kobold blastminer (Orc:2)
  5 black mambas
  Maurice (D:11)
  17 merfolk sirens
  2 apocalypse crabs
  A toenail golem (D:12)
  7 water nymphs
  An eye of devastation (Slime:2)
  A smoke demon (D:11)
  8 elephants
  15 vault sentinels
  A large abomination (Zot:2)
  6 torpor snails
  A hellion (Zot:2)
  2 gargoyles (D:12)
  An unseen horror (D:11)
  A yaktaur zombie (Vaults:4)
  A storm dragon simulacrum (Depths:2)
  4 rime drakes
  3 freezing wraiths (Vaults:5)
  An orange demon (Lair:1)
  17 cane toads
  Maggie (Lair:1)
  51 yaktaurs
  3 kobold demonologists
  An efreet (D:14)
  10 komodo dragons
  3 guardian mummies (Depths:3)
  3 tengu conjurers
  A golden dragon simulacrum (Depths:2)
  A harpy zombie (Shoals:2)
  4 trolls
  19 merfolk
  A red devil (Zot:4)
  4 meliai
  2 tengu simulacra (Depths:2)
  8 wind drakes
  The ghost of Tinttamiau the Shooter, an amateur FoHu (D:5)
  An ancient zyme (Shoals:2)
  2 hornets (Depths:2)
  2 hellwings (D:11)
  14 polar bears
  A raiju (shapeshifter) (Elf:2)
  13 tarantellas
  7 glass eyes
  6 snapping turtles
  Prince Ribbit (D:5)
  A spriggan zombie (Depths:1)
  12 dream sheep
  10 blink frogs
  3 raiju (Lair:5)
  A fire giant simulacrum (Depths:1)
  A frost giant simulacrum (Depths:2)
  2 spriggans (Depths:2)
  A culicivora (shapeshifter) (Vaults:5)
  17 jumping spiders
  A spriggan (shapeshifter) (Elf:1)
  2 ynoxinuls
  8 culicivoras
  45 yaks
  6 wyverns
  A wraith (D:10)
  4 shadows
  A vampire (D:11)
  3 air elementals
  2 hogs (Spider:2)
  27 water elementals
  Eustachio (D:5)
  4 basilisks
  7 fire elementals
  A steam dragon (D:8)
  A human simulacrum (Vaults:4)
  30 redbacks
  11 vampire mosquitoes
  5 swamp worms (Lair:3)
  11 wargs
  4 acid dragons
  A small abomination (Shoals:2)
  14 hell hounds (Lair:5)
  14 water moccasins
  33 orc warriors
  2 sky beasts
  A tengu (shapeshifter) (Vaults:3)
  14 black bears
  4 boggarts
  6 centaurs
  2 ogres (Orc:1)
  42 wolves
  2 phantoms
  5 kobold brigands
  A bullfrog (shapeshifter) (Spider:3)
  5 earth elementals
  8 bullfrogs
  5 gnoll sergeants
  4 scorpions
  10 killer bees
  8 howler monkeys
  A nameless horror (Spider:4)
  3 electric eels (D:13)
  10 hounds
  4 jellies
  21 orc priests
  5 iguanas
  4 gnoll boudas (D:5)
  27 orc wizards
  A mummy (Depths:3)
  Robin (D:2)
  40 gnolls
  A gnoll (shapeshifter) (D:15)
  9 adders
  A river rat (shapeshifter) (Depths:4)
  A white imp (D:7)
  A worm (D:2)
  4 dart slugs
  80 orcs
  9 ball pythons
  5 bats
  4 endoplasms
  2 giant cockroaches
  10 goblins
  13 hobgoblins
  7 jackals (D:5)
  6 quokkas
  A ball python (shapeshifter) (Vaults:5)
  5 frilled lizards
  16 kobolds
  7 rats
  A butterfly (Lair:2)
2126 creatures vanquished.

Vanquished Creatures (collateral kills)
  A dread lich (Vaults:5)
  2 orbs of fire (Zot:5)
  A Killer Klown (Zot:5)
  A golden dragon (Vaults:5)
  2 tentacled monstrosities (Vaults:5)
  An electric golem (Zot:4)
  The ghost of Fildev the Severer, an adept MiBe of Trog (Spider:4)
  3 Orb Guardians (Zot:5)
  A sphinx (Depths:3)
  The ghost of Gargoyl the Severer, an adept GrBe of Trog (Vaults:4)
  An acid blob (Slime:3)
  A death cob (Zot:4)
  2 shadow dragons (Vaults:5)
  2 azure jellies
  A storm dragon (Zot:4)
  2 tengu reavers (Vaults:5)
  4 rockslimes
  Donald (Shoals:4)
  The ghost of jotaen the Impaler, a journeyman MiFi of Okawaru (Spider:2)
  An iron dragon (Vaults:5)
  5 vault wardens
  3 emperor scorpions
  A ghost moth (Spider:4)
  An orc warlord (Vaults:3)
  2 formless jellyfish (Slime:2)
  A very ugly thing (Depths:1)
  A draconian shifter (Depths:4)
  4 ironbound preservers
  3 broodmothers
  2 stone giants
  2 ironbound thunderhulks (Vaults:2)
  A vampire knight (Vaults:2)
  A deep elf demonologist (Vaults:4)
  A deep elf annihilator (Elf:3)
  A yellow draconian (Zot:4)
  A spark wasp (Spider:4)
  2 red draconians (Zot:2)
  An ettin (Depths:1)
  A fire dragon (Depths:4)
  2 merfolk javelineers
  A crystal guardian (Vaults:1)
  An entropy weaver (Vaults:5)
  2 ice dragons (Depths:1)
  2 merfolk impalers (Shoals:4)
  A yaktaur captain (Vaults:4)
  An alligator (Shoals:4)
  3 vault guards
  A salamander tyrant (Depths:4)
  2 radroaches
  2 alligator snapping turtles (Shoals:4)
  3 boulder beetles
  A centaur warrior (Shoals:1)
  3 deep troll earth magi (Depths:1)
  3 dancing weapons
  A tengu warrior (Depths:1)
  A vampire mage (Vaults:2)
  3 demonic crawlers (Spider:4)
  A hell knight (Depths:2)
  A wretched star (Shoals:2)
  A pharaoh ant (Spider:2)
  A sea snake (Shoals:3)
  8 deep trolls
  2 harpies
  4 wolf spiders
  4 shining eyes
  A deep elf zephyrmancer (Vaults:5)
  3 lindwurms (Vaults:2)
  3 orc knights
  A steelbarb worm (Spider:4)
  2 deep elf pyromancers (Elf:1)
  An orc sorcerer (Vaults:1)
  A cyclops (Shoals:2)
  3 salamanders (Depths:4)
  A manticore (Shoals:2)
  5 ugly things
  A worldbinder (Shoals:2)
  A moth of wrath (Zot:5)
  2 torpor snails (Spider:4)
  2 vault sentinels (Vaults:3)
  A sea snake zombie (Shoals:2)
  6 yaktaurs
  5 merfolk
  A tengu simulacrum (Depths:2)
  A glass eye (Slime:3)
  2 jumping spiders
  3 snapping turtles (Shoals:4)
  A culicivora (Spider:2)
  13 slime creatures
  4 water elementals
  6 redbacks
  A human skeleton (Depths:2)
  An orc warrior (Vaults:1)
  A spriggan simulacrum (Depths:1)
  A boggart (Vaults:1)
  A spectral weapon (Depths:1)
  A tentacle (Shoals:3)
195 creatures vanquished.

Vanquished Creatures (others)
  A draconian shifter (Zot:3)
  A very ugly thing (Depths:3)
  A death yak (Shoals:2)
  A deep elf archer (Elf:1)
  A salamander (Depths:4)
  8 tentacles (Shoals:3)
13 creatures vanquished.

Grand Total: 2334 creatures vanquished

Notes
Turn   | Place    | Note
-------+----------+-------------------------------------------
     0 | D:1      | Wyvric the Formicid Earth Elementalist began the quest for
                  | the Orb.
     0 | D:1      | Reached XP level 1. HP: 13/13 MP: 3/3
   559 | D:1      | Reached XP level 2. HP: 19/19 MP: 3/5
   621 | D:1      | Learned a level 2 spell: Passwall
   908 | D:1      | Reached XP level 3. HP: 24/24 MP: 4/7
   917 | D:1      | Learned a level 3 spell: Stone Arrow
   937 | D:1      | Found Godadd's Distillery.
  1495 | D:2      | Reached skill level 1 in Conjurations
  1533 | D:2      | Reached XP level 4. HP: 30/30 MP: 6/8
  2127 | D:2      | Noticed Robin
  2534 | D:2      | Killed Robin
  2693 | D:3      | Reached XP level 5. HP: 35/35 MP: 6/9
  3084 | D:3      | Reached skill level 5 in Earth Magic
  3273 | D:3      | Found a stormy altar of Qazlal.
  3280 | D:3      | Found a blossoming altar of Fedhas.
  3316 | D:3      | Found an ornate altar of the Wu Jian Council.
  3316 | D:3      | Found a basalt altar of Yredelemnul.
  3813 | D:4      | Noticed a black bear
  4018 | D:4      | Reached XP level 6. HP: 41/41 MP: 7/10
  4772 | D:4      | Reached skill level 1 in Fighting
  5026 | D:1      | Bought 2 potions of heal wounds for 130 gold pieces
  5165 | D:4      | Found Emnopn's Magic Scroll Emporium.
  5334 | D:4      | Reached XP level 7. HP: 50/50 MP: 7/11
  6377 | D:5      | Entered Level 5 of the Dungeon
  6750 | D:5      | Found a glowing golden altar of the Shining One.
  6753 | D:5      | Became a worshipper of the Shining One
  6767 | D:5      | Noticed Eustachio
  6856 | D:5      | Noticed Prince Ribbit
  6933 | D:5      | Killed Eustachio
  6934 | D:5      | Reached XP level 8. HP: 56/58 MP: 2/13
  7276 | D:5      | Learned a level 5 spell: Lee's Rapid Deconstruction
  7291 | D:5      | Found a runed translucent door.
  7294 | D:5      | Noticed Tinttamiau's ghost (amateur FoHu)
  7531 | D:5      | Reached skill level 1 in Shields
  7614 | D:5      | Noticed Pikel
  7715 | D:5      | Killed Pikel
  7716 | D:5      | Reached skill level 5 in Shields
  7716 | D:5      | Reached skill level 5 in Spellcasting
  7871 | D:5      | Reached XP level 9. HP: 15/65 MP: 0/16
  8460 | D:5      | Reached skill level 5 in Fighting
  8737 | D:5      | Killed Prince Ribbit
  9232 | D:5      | Reached skill level 10 in Earth Magic
  9614 | D:4      | Bought 3 scrolls of identify for 78 gold pieces
  9661 | D:4      | Bought a scroll of identify for 26 gold pieces
  9805 | D:6      | Reached * piety under the Shining One
  9904 | D:6      | Found a hazy altar of Hepliaklqana.
 10240 | D:6      | Found Micab's Armour Shoppe.
 10749 | D:7      | Reached XP level 10. HP: 74/74 MP: 0/18
 10890 | D:7      | Found a flagged portal.
 10896 | Bailey   | Entered a bailey
 11143 | Bailey   | Noticed an orc knight
 11360 | D:7      | Found a staircase to the Ecumenical Temple.
 11393 | Temple   | Entered the Ecumenical Temple
 11772 | D:7      | Noticed a kobold demonologist
 11777 | D:7      | Killed a kobold demonologist
 11777 | D:7      | Reached ** piety under the Shining One
 12096 | D:8      | Got the Guide on the Mutable Serac
 12147 | D:8      | Noticed a two-headed ogre
 12214 | D:8      | Noticed a two-headed ogre
 12261 | D:8      | Killed a two-headed ogre
 12688 | D:8      | Found a glowing silver altar of Zin.
 12688 | D:8      | Found an opulent altar of Gozag.
 12740 | D:8      | Killed a two-headed ogre
 12741 | D:8      | Reached XP level 11. HP: 84/84 MP: 13/24
 12786 | D:8      | Found a bloodstained altar of Trog.
 12927 | D:8      | Found a shimmering blue altar of Sif Muna.
 13065 | D:9      | Found a hide-covered altar of Uskayaw.
 13459 | D:9      | Reached skill level 1 in Invocations
 13469 | D:9      | Identified the +7 mace of Vanity {heavy, rPois Str+4 Int-2}
 13852 | D:10     | Entered Level 10 of the Dungeon
 13862 | D:10     | Identified the +8 spear of Res Nullius {heavy, +Blink rCorr
                  | Int+6 SInv}
 13956 | D:10     | Found a staircase to the Lair.
 14266 | D:10     | Noticed a two-headed ogre
 14272 | D:10     | Killed a two-headed ogre
 14378 | D:10     | Found an ancient bone altar of Kikubaaqudgha.
 14657 | D:11     | Reached skill level 1 in Armour
 14710 | D:11     | Reached skill level 10 in Fighting
 14806 | D:11     | Noticed a two-headed ogre
 14808 | D:11     | Killed a two-headed ogre
 14864 | D:11     | Noticed a cyclops
 14866 | D:11     | Killed a cyclops
 14867 | D:11     | Reached skill level 10 in Spellcasting
 14912 | D:11     | Reached XP level 12. HP: 97/97 MP: 17/26
 14934 | D:11     | Reached skill level 5 in Invocations
 14935 | D:11     | Reached *** piety under the Shining One
 15058 | D:11     | Noticed Maurice
 15069 | D:11     | Killed Maurice
 15137 | D:11     | Reached skill level 5 in Armour
 15142 | D:11     | Noticed a two-headed ogre
 15144 | D:11     | Killed a two-headed ogre
 15196 | D:11     | Found a broken altar of Ashenzari.
 15267 | D:11     | Found a staircase to the Orcish Mines.
 16256 | D:12     | Noticed Erolcha
 16412 | Lair:1   | Entered Level 1 of the Lair of Beasts
 16412 | Lair:1   | Noticed Urug
 16420 | Lair:1   | Killed Urug
 16837 | Lair:1   | Noticed Amaemon
 16847 | Lair:1   | Killed Amaemon
 16848 | Lair:1   | Reached XP level 13. HP: 108/108 MP: 17/28
 17132 | Lair:1   | Noticed Maggie
 17260 | Lair:1   | Reached skill level 1 in Evocations
 17372 | Lair:1   | Killed Maggie
 17459 | Lair:1   | Noticed Gastronok
 17481 | Lair:1   | Killed Gastronok
 17482 | Lair:1   | Reached skill level 5 in Evocations
 18090 | Lair:2   | Reached **** piety under the Shining One
 18194 | Lair:2   | Found a hole to the Spider Nest.
 19054 | Lair:3   | Found a transporter.
 19056 | Lair:3   | Found the amulet of Vitality {RegenMP++ Regen++}
 19075 | Lair:3   | Found a transporter.
 19377 | Lair:3   | Reached skill level 15 in Earth Magic
 19437 | Lair:3   | Reached XP level 14. HP: 115/115 MP: 21/30
 19505 | Lair:3   | Noticed Nergalle
 19505 | Lair:3   | Noticed Snorg
 19512 | Lair:3   | You are sucked into a shaft and drop 1 floor!
 19554 | Lair:4   | Identified the +3 ring mail of Inference {Will+}
 19750 | Lair:3   | Killed Nergalle
 20458 | Lair:4   | Found a staircase to the Slime Pits.
 20640 | Lair:5   | Entered Level 5 of the Lair of Beasts
 21065 | Lair:5   | Reached skill level 15 in Spellcasting
 21093 | Lair:5   | Reached ***** piety under the Shining One
 21759 | Lair:5   | Reached XP level 15. HP: 123/123 MP: 34/34
 22998 | Lair:5   | Found the +12 glaive of Prune {freeze, Prune}
 23127 | Lair:3   | Reached skill level 1 in Polearms
 23258 | Lair:4   | Killed Snorg
 23406 | Lair:3   | Found a staircase to the Shoals.
 23742 | Lair:3   | Identified the +2 helmet of the Pits of Slime {rF+ rCorr
                  | SInv}
 23926 | Orc:1    | Entered Level 1 of the Orcish Mines
 24064 | Orc:1    | Found Movauc's Assorted Antiques.
 24084 | Orc:1    | Noticed Fannar
 24097 | Orc:1    | Killed Fannar
 24147 | Orc:1    | Found Elejogr Koxi's Self-Improvement Boutique.
 24325 | Orc:2    | Entered Level 2 of the Orcish Mines
 24421 | Orc:2    | Found a staircase to the Elven Halls.
 24435 | Orc:2    | Reached skill level 5 in Polearms
 24499 | Orc:2    | Found Dolea's Antique Armour Boutique.
 24612 | Orc:2    | Noticed an orc warlord
 24653 | Orc:2    | Killed an orc warlord
 24982 | Orc:2    | Reached ****** piety under the Shining One
 25113 | Orc:2    | Found Gidiom's Book Emporium.
 25153 | Orc:2    | Found Zuleomuf's Antique Armour Emporium.
 25271 | Orc:2    | Found Qoesojaa's Antique Weapon Emporium.
 25295 | Orc:2    | Reached XP level 16. HP: 133/133 MP: 35/35
 25470 | Orc:2    | Found Mubatolu's General Store.
 25522 | Orc:2    | Bought a pair of twisted gloves for 380 gold pieces
 25522 | Orc:2    | Identified the +4 pair of gloves of Magic {rPois rC- Dex+3}
                  | (You bought it in a shop on level 2 of the Orcish Mines)
 25528 | Orc:2    | Bought a shimmering scale mail for 360 gold pieces
 25528 | Orc:2    | Identified the +1 scale mail "Ynagh" {rPois Str+2} (You
                  | bought it in a shop on level 2 of the Orcish Mines)
 25717 | D:12     | Killed Erolcha
 26542 | D:13     | Found a shimmering altar of Xom.
 26844 | D:13     | Found a gate to the Vaults.
 27340 | D:13     | Reached skill level 10 in Polearms
 27346 | D:13     | Identified the ring of Siwavofin {Str+6 Dex+2}
 27372 | D:13     | Identified the +9 falchion of Disorder {heavy, rPois}
 28003 | D:15     | Entered Level 15 of the Dungeon
 28133 | D:15     | Found a runed translucent door.
 28133 | D:15     | Found a shimmering altar of Xom.
 28133 | D:15     | Noticed Sacsyrch's ghost (journeyman DrMo)
 28166 | D:15     | Noticed a storm dragon
 28172 | D:15     | Killed a storm dragon
 28297 | D:15     | Reached XP level 17. HP: 139/139 MP: 28/36
 28328 | D:15     | Identified the ring of Nibroti {Fire Will+}
 28668 | D:15     | Reached skill level 10 in Armour
 29035 | D:15     | Found a staircase to the Depths.
 29521 | Spider:1 | Entered Level 1 of the Spider Nest
 29945 | Spider:1 | Identified a scroll of acquirement
 29946 | Spider:1 | Acquired the ring of the Tortoise {AC+8}
 29946 | Spider:1 | Found the ring of the Tortoise {AC+8}
 30538 | Spider:2 | Found a runed translucent gate.
 30539 | Spider:2 | Found a runed translucent gate.
 30541 | Spider:2 | Found a runed translucent gate.
 30542 | Spider:2 | Noticed jotaen's ghost (journeyman MiFi)
 30598 | Spider:2 | Noticed Kirke
 30602 | Spider:2 | Killed Kirke
 30745 | Spider:2 | Learned a level 4 spell: Animate Armour
 30849 | Spider:2 | Reached skill level 10 in Invocations
 30892 | Spider:2 | Was placed under penance by the Shining One
 31590 | Spider:2 | Reached XP level 18. HP: 146/146 MP: 31/37
 31925 | Spider:3 | Was forgiven by the Shining One
 32435 | Spider:4 | Entered Level 4 of the Spider Nest
 32999 | Spider:4 | Noticed Fildev's ghost (adept MiBe)
 33013 | Spider:4 | Found a runed translucent gate.
 33013 | Spider:4 | Found a runed translucent gate.
 33015 | Spider:4 | Found a runed translucent gate.
 33560 | Spider:4 | Got a gossamer rune of Zot
 33803 | Shoals:1 | Entered Level 1 of the Shoals
 33824 | Shoals:1 | Reached skill level 15 in Invocations
 33984 | Shoals:1 | Noticed Frances
 34003 | Shoals:1 | Killed Frances
 34060 | Shoals:1 | Reached skill level 5 in Dodging
 34716 | Shoals:2 | Reached XP level 19. HP: 130/153 MP: 23/38
 34800 | Shoals:2 | Noticed Polyphemus
 34800 | Shoals:2 | Found Zialuva's Distillery.
 34877 | Shoals:2 | Found a runed translucent door.
 34913 | Shoals:2 | Found a corrupted altar of Lugonu.
 35070 | Shoals:2 | Killed Polyphemus
 35087 | Shoals:2 | Reached skill level 15 in Fighting
 35320 | Orc:1    | Bought a manual of Spellcasting for 1040 gold pieces
 35384 | Elf:1    | Entered Level 1 of the Elven Halls
 36569 | Elf:2    | Found Maofoal's Assorted Antiques.
 36572 | Elf:2    | Found Doeno's General Store.
 36868 | Elf:2    | Found a huge runed translucent gate.
 36868 | Elf:2    | Found a huge runed translucent gate.
 37278 | Elf:2    | Found Wuociluu's Antique Armour Emporium.
 37374 | Elf:2    | Found a huge runed translucent gate.
 37375 | Elf:2    | Found a huge runed translucent gate.
 37375 | Elf:2    | Found a huge runed translucent gate.
 37416 | Elf:2    | Reached XP level 20. HP: 143/162 MP: 26/43
 37444 | Elf:2    | Identified the +1 tower shield of Celice {*Corrode Fly
                  | rPois SInv}
 38002 | Elf:2    | Bought a twisted cloak for 218 gold pieces
 38002 | Elf:2    | Identified the +2 cloak of Salvation {Str+6 Slay+3} (You
                  | bought it in a shop on level 2 of the Elven Halls)
 38021 | Elf:2    | Bought a crude chain mail for 218 gold pieces
 38021 | Elf:2    | Identified the +3 chain mail "Hiuwkimp" {rElec rC- Regen+
                  | Slay+3} (You bought it in a shop on level 2 of the Elven
                  | Halls)
 38049 | Elf:3    | Entered Level 3 of the Elven Halls
 38069 | Elf:3    | Noticed Bai Suzhen
 38128 | Elf:3    | Killed Bai Suzhen
 38274 | Elf:3    | Identified the serpent talisman of Xidix {rElec}
 38274 | Elf:3    | Noticed Aizul
 38291 | Elf:3    | Killed Aizul
 38454 | Elf:3    | Found Diaryacs's Armour Shoppe.
 38579 | Elf:3    | Identified the +0 ring mail of the Guilds {rN+}
 39344 | Elf:3    | Identified the amulet of Nydghaugu {Reflect Harm rF+ rCorr
                  | SH+5}
 39429 | Elf:3    | Identified the +7 spear of Dust {drain, *Slow rElec rF-
                  | rN+++ Str+2}
 39467 | Elf:3    | Got the Essays on Kinetic Energy
 39482 | Elf:3    | Identified the +5 chain mail of Chill Winds {rF+}
 39558 | Elf:3    | Identified the ring "Riocwin" {rCorr Str+6 Int+3 Dex+3}
 39565 | Elf:3    | Identified the +10 short sword of the Rat {freeze, *Rage
                  | rF+ Will+ MP+9}
 39573 | Elf:3    | Identified the staff "Texteg" {Str+3 Int-2 Dex+4 Conj
                  | Necro}
 39679 | Elf:2    | Bought a bloodstained plate armour for 644 gold pieces
 39679 | Elf:2    | Identified the +5 plate armour "Poacassy" {+Inv} (You
                  | bought it in a shop on level 2 of the Elven Halls)
 40577 | Shoals:2 | Reached skill level 5 in Conjurations
 40669 | Shoals:2 | Reached XP level 21. HP: 168/168 MP: 36/45
 41095 | Shoals:2 | Found a one-way gate to the infinite horrors of the Abyss.
 42010 | Shoals:4 | Entered Level 4 of the Shoals
 42035 | Shoals:4 | Reached skill level 15 in Armour
 42098 | Shoals:4 | Identified the +1 great sword "Nebux" {heavy, rElec rPois
                  | Str-2 Stlth-}
 42434 | Shoals:4 | Noticed Donald
 42732 | Shoals:4 | Killed Donald
 42853 | Shoals:4 | Identified the +1 war axe of the Voracious God {spect,
                  | +Blink MP+9 Int-3 Dex+3}
 43055 | Shoals:4 | Got a barnacled rune of Zot
 43319 | Shoals:4 | Reached skill level 10 in Shields
 43357 | Shoals:4 | Identified the +1 battleaxe "Giantslayer" {speed, rElec rF+
                  | rCorr Dex-4}
 44012 | D:5      | Killed Tinttamiau's ghost
 44396 | D:15     | Killed Sacsyrch's ghost
 44401 | D:15     | Identified the +6 morningstar "Yqipsomn" {freeze, rN+}
 44593 | Orc:1    | Bought a manual of Axes for 1040 gold pieces
 44682 | Vaults:1 | Entered Level 1 of the Vaults
 44739 | Vaults:1 | Reached skill level 1 in Axes
 44750 | Vaults:1 | Reached skill level 2 in Axes
 44751 | Vaults:1 | Reached skill level 3 in Axes
 44768 | Vaults:1 | Reached skill level 4 in Axes
 44805 | Vaults:1 | Reached skill level 5 in Axes
 44832 | Vaults:1 | Noticed Saint Roka
 44864 | Vaults:1 | Killed Saint Roka
 44865 | Vaults:1 | Reached skill level 6 in Axes
 45018 | Vaults:1 | Reached skill level 7 in Axes
 45032 | Vaults:1 | Reached skill level 8 in Axes
 45151 | Vaults:1 | Found Melady's Antique Armour Shoppe.
 45411 | Vaults:1 | Found Dopim's Distillery.
 45432 | Vaults:1 | Reached skill level 9 in Axes
 45438 | Vaults:1 | Found Jiucs's Book Shoppe.
 45439 | Vaults:1 | Identified the +8 short sword of the Dancing Fool {drain,
                  | rPois Will- Int+4 Dex+3}
 45530 | Vaults:1 | Found Loful's Weapon Shoppe.
 45639 | Vaults:1 | Reached XP level 22. HP: 173/175 MP: 46/46
 46035 | Vaults:1 | Identified the +2 arbalest "Inubaomo" {penet, Stlth+}
 46098 | Vaults:2 | Reached skill level 10 in Axes
 46179 | Vaults:2 | Reached skill level 11 in Axes
 46238 | Vaults:2 | Noticed Mennas
 46240 | Vaults:2 | Identified the +5 tower shield of Alagussizid {rN+ Int+3}
 46264 | Vaults:2 | Killed Mennas
 46265 | Vaults:2 | Reached skill level 12 in Axes
 46341 | Vaults:2 | Found a staircase to the Crypt.
 46435 | Vaults:2 | Reached skill level 13 in Axes
 46625 | Vaults:2 | Reached skill level 14 in Axes
 46675 | Vaults:2 | Acquired 636 gold pieces
 46676 | Vaults:2 | Acquired the +3 pair of mountain boots {steadfast, rC+}
 46676 | Vaults:2 | Found the +3 pair of mountain boots {steadfast, rC+}
 47293 | Vaults:2 | Reached skill level 15 in Axes
 47733 | Vaults:3 | Noticed Norris
 47748 | Vaults:3 | Killed Norris
 47841 | Vaults:3 | Learned a level 1 spell: Apportation
 47907 | Vaults:3 | Reached skill level 16 in Axes
 48070 | Vaults:3 | Reached XP level 23. HP: 156/181 MP: 47/47
 48349 | Vaults:3 | Identified the +3 leather armour "Jacinoat" {rF++}
 48447 | Vaults:3 | Reached skill level 17 in Axes
 49161 | Vaults:4 | Reached skill level 18 in Axes
 49471 | Vaults:4 | Found a runed translucent door.
 49477 | Vaults:4 | Noticed Gargoyl's ghost (adept GrBe)
 50213 | Shoals:2 | Gained mutation: You are vulnerable to cold. (rC-) [a
                  | shining eye]
 50244 | Shoals:2 | Lost mutation: You are vulnerable to cold. (rC-) [potion of
                  | mutation]
 50244 | Shoals:2 | Gained mutation: You are partially covered in iridescent
                  | scales. (AC +2) [potion of mutation]
 50437 | Spider:2 | Gained mutation: Potions are less effective at restoring
                  | your health. [mutagenic glow]
 50443 | Spider:2 | Killed jotaen's ghost
 50450 | Spider:2 | Gained mutation: You are vulnerable to cold. (rC-)
                  | [mutagenic glow]
 50456 | Spider:2 | Identified the amulet of Egalitarianism {RegenMP Dex+2}
 50458 | Spider:2 | Identified the +2 pair of gloves "Ganuzivi" {rN+ Str-4
                  | Int+2}
 50475 | Spider:2 | Gained mutation: You are weak. (Str -2) [mutagenic glow]
 50505 | Spider:4 | Lost mutation: You are vulnerable to cold. (rC-) [potion of
                  | mutation]
 50505 | Spider:4 | Lost mutation: You are weak. (Str -2) [potion of mutation]
 50505 | Spider:4 | Gained mutation: Your muscles are strong. (Str +4, Int/Dex
                  | -1) [potion of mutation]
 50589 | Spider:4 | Killed Fildev's ghost
 50607 | Spider:4 | Identified the +0 chain mail of Gecluoreh {Rampage rElec}
 50895 | Depths:1 | Entered Level 1 of the Depths
 50895 | Depths:1 | Noticed Mara
 50906 | Depths:1 | Noticed Wyvric's illusion
 50907 | Depths:1 | Killed Mara
 50927 | Depths:1 | Found a one-way gateway to a ziggurat.
 51008 | Depths:1 | Reached XP level 24. HP: 188/188 MP: 47/47
 51081 | Depths:1 | Found a gateway to Hell.
 51144 | Depths:1 | Reached skill level 15 in Shields
 51397 | Depths:1 | Found a snail-covered altar of Cheibriados.
 51429 | Depths:1 | Noticed Asterion
 51446 | Depths:1 | Killed Asterion
 52033 | Depths:2 | Identified the ring of Ducwoach {Ice rPois rN++ Str-5}
 52033 | Depths:2 | Noticed Josephina
 52321 | Depths:2 | Found Enijubot's Antique Weapon Shop.
 52452 | Depths:2 | Killed Josephina
 52765 | Depths:2 | Found a one-way gate leading to the halls of Pandemonium.
 53312 | Depths:3 | Reached XP level 25. HP: 204/204 MP: 47/47
 53320 | Depths:3 | Identified the +2 quarterstaff of Terra Nullius {heavy,
                  | rN++ Dex+4}
 53329 | Depths:3 | Reached skill level 10 in Conjurations
 53695 | Depths:3 | Identified the amulet "Xestruce" {RegenMP rPois Will+
                  | Int-3}
 54064 | Depths:4 | Entered Level 4 of the Depths
 54794 | Depths:4 | Learned a level 7 spell: Orb of Destruction
 54870 | Depths:4 | Found a gate to the Realm of Zot.
 56132 | Slime:1  | Entered Level 1 of the Pits of Slime
 56369 | Slime:2  | Lost mutation: You are partially covered in iridescent
                  | scales. (AC +2) [a shining eye]
 56433 | Slime:2  | Found a viscous altar of Jiyva.
 56569 | Slime:2  | Learned a level 8 spell: Lehudib's Crystal Spear
 56804 | Slime:3  | Gained mutation: Your body sometimes deteriorates upon
                  | taking damage. [a shining eye]
 56823 | Slime:3  | Gained mutation: You occasionally lose the ability to read
                  | scrolls when taking damage. [a shining eye]
 57197 | Slime:4  | Reached skill level 15 in Conjurations
 57232 | Slime:4  | Reached XP level 26. HP: 209/211 MP: 41/47
 57407 | Slime:5  | Entered Level 5 of the Pits of Slime
 58450 | Slime:5  | Lost mutation: You occasionally lose the ability to read
                  | scrolls when taking damage. [potion of mutation]
 58450 | Slime:5  | Lost mutation: Potions are less effective at restoring your
                  | health. [potion of mutation]
 59733 | Slime:5  | Found a viscous altar of Jiyva.
 59733 | Slime:5  | Found the +2 hat of the Bear Spirit {Spirit, Bear, *Rage
                  | Will++}
 59762 | Slime:5  | Noticed the Royal Jelly
 59785 | Slime:5  | Killed the Royal Jelly
 59882 | Slime:5  | Identified the staff "Niethreokh" {rPois rF- Will++ rCorr
                  | Str-5 Poison}
 59948 | Slime:5  | Got the Handbook of Torrid Permutations
 59975 | Slime:5  | Got a slimy rune of Zot
 60171 | Slime:5  | Identified the staff "Wyemaustry" {*Slow rPois rF++ Earth}
 60172 | Slime:5  | Identified the +0 robe of Pride {Rampage rF+ Slay+3}
 60472 | Slime:5  | Learned a level 2 spell: Wereblood
 60971 | Orc:2    | Bought a scroll of enchant armour for 82 gold pieces
 61530 | Vaults:5 | Entered Level 5 of the Vaults
 61536 | Vaults:5 | Noticed a dread lich
 61544 | Vaults:5 | Killed a dread lich
 61568 | Vaults:4 | Learned a level 2 spell: Lesser Beckoning
 61597 | Vaults:5 | Reached skill level 1 in Translocations
 61673 | Vaults:5 | Reached XP level 27. HP: 219/219 MP: 47/47
 62015 | Vaults:5 | Identified the +0 acid dragon scales of Plog {rPois rF++
                  | Will- rCorr Str+2}
 62043 | Vaults:5 | Noticed a dread lich
 62046 | Vaults:5 | Killed a dread lich
 62072 | Vaults:5 | Identified the +7 quarterstaff of Big Damage {heavy, *Noise
                  | rPois rCorr}
 62202 | Vaults:5 | Noticed an ancient lich
 62223 | Vaults:5 | Killed an ancient lich
 62379 | Vaults:5 | Got a silver rune of Zot
 62699 | Vaults:5 | Identified the +1 robe of the Yeti {rC+}
 62819 | Vaults:5 | Identified the +0 helmet "Yhutimm" {rPois rC+ rCorr}
 62843 | Vaults:5 | Acquired the +9 executioner's axe of Gook {freeze, rCorr
                  | Int+5}
 62974 | Vaults:5 | Learned a level 4 spell: Passage of Golubria
 63077 | Vaults:4 | Killed Gargoyl's ghost
 63412 | Zot:1    | Entered Level 1 of the Realm of Zot
 63573 | Zot:1    | Found a runed translucent gate.
 63575 | Zot:1    | Found a runed translucent gate.
 63575 | Zot:1    | Found a runed translucent gate.
 63576 | Zot:1    | Noticed Sisiakhle's ghost (legendary KoDe)
 64123 | Zot:1    | Reached skill level 19 in Axes
 64926 | Zot:2    | Reached skill level 20 in Axes
 65944 | Zot:3    | Acquired 601 gold pieces
 66119 | Zot:3    | Reached skill level 21 in Axes
 66538 | Zot:3    | Found a runed translucent door.
 66911 | Zot:3    | Noticed Raoceuw's ghost (master NaVM)
 67330 | Zot:4    | Reached skill level 22 in Axes
 67364 | Zot:4    | Upgraded the game from 0.31-a0-1104-g3bd3108e02 to
                  | 0.31-a0-1110-gab2881137f
 67680 | Zot:4    | Identified the +2 glaive "Ytuc Rub" {drain, rElec Dex+3}
 68228 | Zot:5    | Entered Level 5 of the Realm of Zot
 68884 | Zot:5    | Reached skill level 23 in Axes
 68959 | Zot:5    | Noticed an ancient lich
 68986 | Zot:5    | Noticed an ancient lich
 69152 | Zot:5    | Killed an ancient lich
 69316 | Zot:5    | Noticed a dread lich
 69346 | Zot:5    | Noticed an orb of fire
 69491 | Zot:5    | Killed a dread lich
 69699 | Zot:5    | Noticed an orb of fire
 70013 | Zot:5    | Noticed an orb of fire
 70214 | Zot:5    | Noticed an ancient lich
 70220 | Zot:5    | Killed an ancient lich
 70366 | Zot:5    | Noticed an orb of fire
 70383 | Zot:5    | Gained mutation: You have hidden genetic defects. [an orb
                  | of fire]
 70384 | Zot:5    | Killed an orb of fire
 70385 | Zot:5    | Lost mutation: Your muscles are strong. (Str +4, Int/Dex
                  | -1) [potion of mutation]
 70385 | Zot:5    | Lost mutation: You have hidden genetic defects. [potion of
                  | mutation]
 70385 | Zot:5    | Gained mutation: Your magical capacity is low. (-10% MP)
                  | [potion of mutation]
 70412 | Zot:5    | Noticed an orb of fire
 70422 | Zot:5    | Noticed an orb of fire
 70428 | Zot:5    | Gained mutation: You do not regenerate when monsters are
                  | visible. [an orb of fire]
 70429 | Zot:5    | Killed an orb of fire
 70468 | Zot:5    | Lost mutation: Your magical capacity is low. (-10% MP)
                  | [potion of mutation]
 70468 | Zot:5    | Lost mutation: You do not regenerate when monsters are
                  | visible. [potion of mutation]
 70468 | Zot:5    | Gained mutation: You occasionally lose the ability to read
                  | scrolls when taking damage. [potion of mutation]
 70468 | Zot:5    | Gained mutation: Potions are less effective at restoring
                  | your health. [potion of mutation]
 70468 | Zot:5    | Gained mutation: You have large cloven feet. [potion of
                  | mutation]
 70469 | Zot:5    | Lost mutation: Potions are less effective at restoring your
                  | health. [potion of mutation]
 70469 | Zot:5    | Lost mutation: You occasionally lose the ability to read
                  | scrolls when taking damage. [potion of mutation]
 70469 | Zot:5    | Gained mutation: Your muscles are strong. (Str +4, Int/Dex
                  | -1) [potion of mutation]
 70469 | Zot:5    | Lost mutation: You have large cloven feet. [potion of
                  | mutation]
 70469 | Zot:5    | Gained mutation: Your system is resistant to poisons.
                  | (rPois) [potion of mutation]
 70480 | Zot:5    | Noticed a Killer Klown
 70489 | Zot:5    | Killed a Killer Klown
 70502 | Zot:5    | Noticed an orb of fire
 70502 | Zot:5    | Gained mutation: Armour fits poorly on your strangely
                  | shaped body. [an orb of fire]
 70512 | Zot:5    | Gained mutation: You occasionally lose the ability to drink
                  | potions when taking damage. [an orb of fire]
 70516 | Zot:5    | Noticed a Killer Klown
 70521 | Zot:5    | Killed an orb of fire
 70523 | Zot:5    | Noticed a Killer Klown
 70524 | Zot:5    | Killed an ancient lich
 70541 | Zot:5    | Killed a Killer Klown
 70547 | Zot:5    | Gained mutation: You sometimes lose the ability to drink
                  | potions when taking damage. [an orb of fire]
 70549 | Zot:5    | Killed an orb of fire
 70596 | Zot:5    | Killed an orb of fire
 70619 | Zot:5    | Lost mutation: Your system is resistant to poisons. (rPois)
                  | [potion of mutation]
 70619 | Zot:5    | Lost mutation: You sometimes lose the ability to drink
                  | potions when taking damage. [potion of mutation]
 70635 | Zot:5    | Noticed an orb of fire
 70650 | Zot:5    | Killed an orb of fire
 70711 | Zot:5    | Noticed a Killer Klown
 70723 | Zot:5    | Killed a Killer Klown
 70857 | Zot:5    | Gained mutation: You are vulnerable to cold. (rC-) [an orb
                  | of fire]
 70858 | Zot:5    | Killed an orb of fire
 71000 | Zot:5    | Killed an orb of fire
 71015 | Zot:5    | Killed a Killer Klown
 71309 | Zot:5    | Lost mutation: You are vulnerable to cold. (rC-) [potion of
                  | mutation]
 71309 | Zot:5    | Lost mutation: Your muscles are strong. (Str +4, Int/Dex
                  | -1) [potion of mutation]
 71309 | Zot:5    | Lost mutation: Armour fits poorly on your strangely shaped
                  | body. [potion of mutation]
 71309 | Zot:5    | Gained mutation: You are weak. (Str -2) [potion of
                  | mutation]
 71309 | Zot:5    | Gained mutation: You are somewhat resistant to further
                  | mutation. [potion of mutation]
 71309 | Zot:5    | Gained mutation: You are agile. (Dex +4, Str/Int -1)
                  | [potion of mutation]
 71310 | Zot:5    | Lost mutation: You are agile. (Dex +4, Str/Int -1) [potion
                  | of mutation]
 71310 | Zot:5    | Lost mutation: You are somewhat resistant to further
                  | mutation. [potion of mutation]
 71310 | Zot:5    | Gained mutation: Your magical capacity is low. (-10% MP)
                  | [potion of mutation]
 71310 | Zot:5    | Lost mutation: You are weak. (Str -2) [potion of mutation]
 71310 | Zot:5    | Gained mutation: You are somewhat resistant to further
                  | mutation. [potion of mutation]
 71310 | Zot:5    | Gained mutation: You are somewhat resistant to both further
                  | mutation and mutation removal. [potion of mutation]
 71333 | Zot:5    | Gained mutation: Your skin changes colour to match your
                  | surroundings (Stealth+). [potion of mutation]
 71906 | Zot:5    | Got the Orb of Zot
 72129 | Depths:3 | Noticed Turiah the pandemonium lord
 72597 | D:$      | Escaped with the Orb!

Illustrated notes

Levels and vault maps discovered:
D:1:      orjb1_lava_funnel, layout_loops_ring, serial_shops,
          nicolae_shop_rolling_square
D:2:      layout_basic, serial_aquarium, aquarium_bridge_square
          [aquarium_subvault_bridge, aquarium_subvault_bridge,
          aquarium_subvault_wall, aquarium_subvault_wall], aquarium_window_2,
          aquarium_window_1, aquarium_window_2, aquarium_view_2d,
          aquarium_view_2c, uniq_robin
D:3:      layout_basic, minitemple
D:4:      layout_layer_cave, serial_shops, shop
D:5:      layout_cave_pools, tso_oasis_becter, hellmonk_ghost_happy_afterlife,
          serial_gnoll_camp, gnoll_camp_medium_01, gnoll_camp_medium_02,
          gnoll_camp_mini_basic, gnoll_camp_huts_basic, uniq_pikel,
          uniq_eustachio, uniq_prince_ribbit1
D:6:      layout_basic, mainiacjoe_overflow_chevrons, serial_shops, shop
D:7:      minmay_chambers_of_sixes, layout_cave_pools,
          minmay_temple_entry_proselytizer, enter_bailey_2
D:8:      layout_cave_pools, grunt_temple_overflow_gold_and_silver,
          mainiacjoe_overflow_surrounded_room, trog_butcher_becter
D:9:      layout_basic, mainiacjoe_overflow_six_doors_small, minivault_22
D:10:     layout_basic, kiku_gazebo_pond_becter, lair_entry_dummy
D:11:     layout_loops_ring, minmay_orc_entry_guard_dogs,
          ashenzari_conservatory_becter, uniq_maurice
D:12:     layout_loops_ring, uniq_erolcha
D:13:     fort_yaktaur, layout_loops_corners, david_vaults_2,
          minmay_ruined_shrine
D:14:     layout_rooms, kennysheep_small_square
D:15:     hellmonk_depths_entry_around_the_bend, layout_stronghold,
          ebering_ghost_xom, minmay_misc_feat_rows, serial_column_ruins,
          column_ruins_hut, column_ruins_hut_pillars, column_ruins_open_large,
          column_ruins_open_medium, column_ruins_open_small,
          column_ruins_columns_straight, column_ruins_grid_4,
          grunt_ministairs_13, minmay_alternating_orb
Temple:   cyrus_temple_forest
Lair:1:   layout_hall_layers, uniq_amaemon, uniq_gastronok, uniq_urug,
          uniq_maggie
Lair:2:   layout_regular_city, nicolae_spider_entry_lesser_pyramids,
          grunt_megastairs_5, lemuel_fruit_fields
Lair:3:   gammafunk_worm_tunnel, layout_big_grid, nicolae_shoals_entry_roost,
          lemuel_fruit_fields, grunt_megastairs_4, uniq_nergalle, uniq_snorg
Lair:4:   layout_big_grid, dpeg_slime_entry_enclosed, grunt_megastairs_3
Lair:5:   hangedman_lair_in_review, layout_loops_ring,
          hangedman_lair_caniforms_friends, nicolae_quartered_pool_impasse
Shoals:1: layout_shoals, nicolae_shoals_gull_way, uniq_frances
Shoals:2: layout_shoals, serial_shops, shop, nicolae_shoals_abyss_on_the_beach,
          uniq_polyphemus
Shoals:3: layout_shoals, nicolae_shoals_stone_sculpture_thing
Shoals:4: shoals_end_hangedman, layout_shoals, nicolae_shoals_goliath_grotto,
          uniq_donald
Spider:1: layout_spider_delve
Spider:2: layout_cave_pods, gammafunk_ghost_tricky_traps, uniq_kirke
Spider:3: layout_spider_delve, hellmonk_deceptive_appearances,
          hangedman_spider_tarantella_strand
Spider:4: hellmonk_spider_rune_bug_friends, gammafunk_ghost_split,
          nicolae_spider_cling_ruins
Slime:1:  layout_caves
Slime:2:  layout_caves, basic_altar
Slime:3:  layout_caves
Slime:4:  layout_caves, nicolae_slime_rock_hall_of_fame
Slime:5:  slime_pit_nicolae_block_by_block
Orc:1:    layout_diamond_mine, serial_shops, nicolae_shop_stone,
          nicolae_shop_self_help, uniq_fannar
Orc:2:    grunt_orc_cross, layout_caves, serial_shops, shop
Elf:1:    nicolae_elf_arrival_fired_up, layout_geoelf_octagon, minivault_28,
          minivault_11
Elf:2:    elven_hall_of_blades_hangedman_alternative
          [nicolae_blade_entry_diamond_columns], layout_loops_corners,
          serial_shops, shop, shop, nicolae_shop_tiny_glass
Elf:3:    elf_hall_gauntlet_wide, layout_gridlike, serial_shops, shop,
          uniq_aizul, uniq_bai_suzhen
Vaults:1: nicolae_vaults_storage_room_doors, nicolae_vaults_asterisk,
          hangedman_vaults_impose, nicolae_vaults_spaceships,
          nicolae_vaults_tetromino_T_2, nicolae_vaults_yaktaur_gun_rack,
          nicolae_vaults_storage_closets_2, v_misc_23,
          nicolae_vaults_specimen_jars, nicolae_vaults_theta,
          layout_vaults_omnigrid, serial_shops, nicolae_shop_back_alley_shop,
          nicolae_shop_statue_plus, shop, shop, uniq_saint_roka
Vaults:2: minmay_crypt_entry_simple_plaza, st_lines,
          ontoclasm_vaults_claustrophobia, nicolae_vaults_network_square,
          hangedman_vaults_slice, nicolae_vaults_network_barrier,
          nicolae_vaults_trapezoid_layered, nicolae_vaults_little_squares_2,
          ontoclasm_vaults_chip, vaults_dpeg_ring, nicolae_vaults_tetromino_L_2,
          layout_vaults_omnicross, uniq_mennas
Vaults:3: nicolae_vaults_surprise_closet, v_pattern_2, vaults_dpeg_spiral,
          nicolae_vaults_trapezoid_lopsided_4, nicolae_vaults_off_center_swirl,
          nicolae_vaults_diamond_2, nicolae_vaults_trapezoid_layered,
          nicolae_vaults_tetromino_L_1, nicolae_vaults_octothorpe,
          layout_vaults_big_room, uniq_norris
Vaults:4: ebering_ghost_reflecting_pool, nicolae_vaults_storage_room_water,
          nicolae_vaults_tetromino_Z_2, nicolae_vaults_back_hallway,
          hangedman_vaults_slither, vaults_room_semicircle,
          nicolae_vaults_little_squares_4, nicolae_vaults_asterisk,
          nicolae_vaults_circle_grid_a, nicolae_vaults_six-pack,
          vaults_mumra_minichess, vaults_dpeg_encased_lava,
          hangedman_vaults_corner_blocks, layout_vaults_omnibox
Vaults:5
Depths:1: minmay_bloctagon, layout_twisted_cross, enter_ziggurat_a, hell_entry,
          serial_bayou, serial_bayou_pond_b, serial_bayou_crossing,
          serial_bayou_lake_a, serial_bayou_pond_d, slow_altar_2, uniq_mara,
          uniq_asterion
Depths:2: minmay_inner_zag, layout_gridlike, serial_shops, shop,
          nrook_mini_vaults, pan_entry, hangedman_geh_valley, uniq_josephina
Depths:3: ragdoll_tomb_raider, layout_basic, hell_entry, abyss_entry,
          infiniplex_staircase_trident, kennysheep_random_hallway
Depths:4: grunt_zot_entry_bicorn, layout_cave_pools, pf_hell_entry_tar_spiral,
          serial_bayou, serial_bayou_lagoon_b, serial_bayou_pond_a,
          serial_bayou_pond_d, serial_bayou_lagoon_a, abyss_entry
Zot:1:    kennysheep_bubbly, layout_basic, gammafunk_ghost_split,
          kennysheep_underground_church
Zot:2:    layout_misc_corridors, regret_index_zotdec_gossamer_gf
Zot:3:    layout_concentric_octagons, ebering_ghost_reflecting_pool,
          regret_index_zotdec_magical_s, grunt_megastairs_2
Zot:4:    layout_gridlike, grunt_ministairs_3
Zot:5:    layout_twisted_circle

Skill      XL: |  1  2  3  4  5  6  7  8  9 10 11 12 13 14 15 16 17 18 19 20 21 22 23 24 25 26 27 |
---------------+----------------------------------------------------------------------------------+-----
Earth Magic    | 4 6 7 8 11 12 15 17 18 21 | 21.9
Stealth        | 3 |  3.0
Dodging        | 2 6 |  6.0
Spellcasting   | 3 5 9 10 11 12 15 19 20 | 20.0
Conjurations   | 1 2 3 4 5 9 15 18 | 18.0
Fighting       | 2 3 5 7 10 12 13 14 15 18 21 | 21.0
Shields        | 5 9 10 13 15 | 15.0
Invocations    | 4 6 10 15 16 | 16.0
Armour         | 3 5 8 12 14 15 | 15.0
Evocations     | 6 9 |  9.0
Polearms       | 7 11 12 | 12.0
Axes           | 9 16 18 23 | 23.0
Transmutations | 3 |  3.0
Translocations | 3 |  3.0

Action                     |  1- 3 |  4- 6 |  7- 9 | 10-12 | 13-15 | 16-18 | 19-21 | 22-24 | 25-27 || total
---------------------------+-------+-------+-------+-------+-------+-------+-------+-------+-------++-------
  Melee: Dagger            |       |     5 |    32 |       |       |       |       |       |       ||    37
         Rapier            |       |       |    58 |    30 |       |       |       |       |       ||    88
         Spear             |       |       |       |    19 |    85 |   226 |    99 |       |       ||   429
         Mace              |       |       |       |     1 |     7 |       |       |       |       ||     8
         Battleaxe         |       |       |       |       |       |       |    20 |   855 |   641 ||  1516
         Staff             |       |       |       |       |       |       |     7 |       |       ||     7
         Executioner's axe |       |       |       |       |       |       |       |       |   497 ||   497
  Throw: Stone             |     1 |     6 |     1 |       |       |       |       |       |       ||     8
         Dart              |       |     2 |       |     3 |       |       |       |     5 |       ||    10
         Boomerang         |       |       |    26 |    12 |       |       |       |       |       ||    38
         Javelin           |       |       |     1 |     5 |       |       |       |       |       ||     6
   Cast: Sandblast         |    42 |    76 |     3 |       |       |       |       |       |       ||   121
         Passwall          |       |     1 |       |       |     1 |     1 |     3 |       |     9 ||    15
         Stone Arrow       |       |    23 |   108 |   140 |   394 |   491 |   478 |    26 |     5 ||  1665
         Lee's Rapid Decon |       |       |     2 |    76 |   221 |   261 |   348 |    60 |   160 ||  1128
         Animate Armour    |       |       |       |       |       |    30 |    52 |    61 |    95 ||   238
         Orb of Destructio |       |       |       |       |       |       |       |       |   112 ||   112
         Wereblood         |       |       |       |       |       |       |       |       |     8 ||     8
         Lehudib's Crystal |       |       |       |       |       |       |       |       |    49 ||    49
         Lesser Beckoning  |       |       |       |       |       |       |       |       |     7 ||     7
         Passage of Golubr |       |       |       |       |       |       |       |       |     2 ||     2
 Invoke: Divine Shield     |       |       |       |     1 |     1 |     2 |     4 |     2 |     2 ||    12
         Cleansing Flame   |       |       |       |       |       |     7 |     8 |     7 |    20 ||    42
         Summon Divine War |       |       |       |       |       |       |     3 |     9 |    10 ||    22
Ability: Shaft Self        |       |       |       |       |     1 |       |       |       |       ||     1
         Dig               |       |       |       |       |       |       |       |       |    10 ||    10
  Evoke: Wand              |       |       |     4 |    10 |     2 |     4 |     1 |     2 |     1 ||    24
         Phantom mirror    |       |       |       |       |       |       |       |     1 |     1 ||     2
         Box of beasts     |       |       |       |       |       |       |       |       |     1 ||     1
    Use: Scroll            |       |     8 |     7 |     3 |     3 |    12 |    10 |     2 |    11 ||    56
         Potion            |       |     2 |       |       |       |     1 |     4 |     4 |    22 ||    33
   Stab: Sleeping          |       |     1 |       |       |       |       |       |       |       ||     1
 Armour: Robe              |       |    21 |    66 |    38 |       |       |       |       |       ||   125
         Ring mail         |       |       |       |    46 |   205 |       |       |       |       ||   251
         Troll leather arm |       |       |       |       |    48 |     2 |       |       |       ||    50
         Chain mail        |       |       |       |       |       |   843 |   560 |   269 |   820 ||  2492
         Plate armour      |       |       |       |       |       |       |    31 |   459 |   128 ||   618
         Scale mail        |       |       |       |       |       |       |    29 |       |       ||    29
  Dodge: Dodged            |     5 |    27 |    61 |    55 |   155 |   282 |   251 |   275 |   298 ||  1409
         Repelled          |       |       |       |       |       |       |     4 |       |       ||     4
  Block: Buckler           |       |       |    22 |    29 |    92 |   223 |   172 |       |       ||   538
         Kite shield       |       |       |       |       |       |       |    63 |   577 |   746 ||  1386
         Reflection        |       |       |       |       |       |       |     2 |    24 |    39 ||    65

Table legend: (Time is in decaauts)
 A = Elapsed time spent in this place.
 B = Non-inter-level travel time spent in this place.
 C = Inter-level travel time spent in this place.
 D = Time resting spent in this place.
 E = Time spent auto-exploring this place.
 F = Levels seen in this place.
 G = Mean time per level.
                   A        B        C        D        E       F      G
               +--------+--------+--------+--------+--------+-----+--------+
         Total |  72570 |  62770 |   9800 |   7445 |  34719 |  54 | 1343.9 |
       Dungeon |  22528 |  18752 |   3776 |   3662 |   8108 |  15 | 1501.9 |
        Temple |     80 |     80 |      0 |     79 |      0 |   1 |   80.0 |
          Lair |   8284 |   6984 |   1300 |   1183 |   4018 |   5 | 1656.8 |
        Shoals |   5114 |   4571 |    543 |    510 |   2794 |   4 | 1278.5 |
   Spider Nest |   4552 |   4061 |    491 |    265 |   2640 |   4 | 1138.0 |
    Slime Pits |   3708 |   3336 |    372 |     93 |   1797 |   5 |  741.6 |
  Orcish Mines |   2152 |   1565 |    587 |    101 |    972 |   2 | 1076.0 |
   Elven Halls |   4854 |   4044 |    810 |    507 |   2229 |   3 | 1618.0 |
        Vaults |   7223 |   6299 |    924 |    137 |   4121 |   5 | 1444.6 |
        Depths |   5214 |   4479 |    735 |    278 |   2699 |   4 | 1303.5 |
           Zot |   8602 |   8345 |    257 |    532 |   5341 |   5 | 1720.4 |
        Bailey |    252 |    252 |      0 |     98 |      0 |   1 |  252.0 |
               +--------+--------+--------+--------+--------+-----+--------+

Top non-repeatable levels by time:
   Zot:5: 3718 daAuts
     D:4: 2995 daAuts
     D:5: 2515 daAuts
  Lair:5: 2326 daAuts
    D:13: 2031 daAuts
   Elf:3: 1806 daAuts
     D:2: 1727 daAuts
   Elf:2: 1720 daAuts
    D:10: 1720 daAuts
    D:15: 1701 daAuts
Vaults:2: 1690 daAuts
  Lair:3: 1633 daAuts
Vaults:1: 1617 daAuts
    D:11: 1546 daAuts
 Slime:5: 1539 daAuts
